 Dungeon Crawl Stone Soup version 0.32-a0-292-g751ec8d2e7 (webtiles) character file.

Game seed: 11141462559265329373

303 EC1 the Caller (level 6, 0/33 HPs)
             Began as a Deep Elf Summoner on Feb 14, 2024.
             Constricted to death by a ball python (1 damage)
             ... on level 3 of the Dungeon.
             The game lasted 00:08:50 (2107 turns).

EC1 the Caller (Deep Elf Summoner)                  Turns: 2107, Time: 00:08:51

Health: 0/33       AC:  2    Str:  5    XL:     6   Next: 15%
Magic:  8/15       EV:  9    Int: 22    God:
Gold:   92         SH:  0    Dex: 15    Spells: 6/15 levels left

rFire   . . .        c - +2 dagger (venom)
rCold   . . .        (no shield)
rNeg    . . .        a - +0 robe
rPois   +            (no helmet)
rElec   .            (no cloak)
rCorr   .            (no gloves)
SInv    .            (no boots)
Will    .....        (no amulet)
Stlth   +++          h - ring of poison resistance
HPRegen 0.25/turn    (no ring)
MPRegen 0.14/turn

%: no passive effects
@: constricted
A: no striking features
a: no special abilities


You were on level 3 of the Dungeon.
You visited 1 branch of the dungeon, and saw 3 of its levels.

You collected 92 gold pieces.

Inventory:

Hand Weapons
 c - a +2 dagger of venom (weapon)
Missiles
 j - 4 boomerangs
Armour
 a - a +0 robe (worn)
Jewellery
 h - a ring of poison resistance (left hand)
Wands
 f - a wand of light (10) (quivered)
Scrolls
 e - a scroll of identify
Potions
 b - a potion of magic
 d - a potion of berserk rage {unknown}
 i - a potion of attraction {unknown}


   Skills:
 + Level 0.3 Fighting
 + Level 1.2 Short Blades
 + Level 2.6 Dodging
 + Level 4.2 Stealth
 + Level 5.2 Spellcasting
 + Level 6.2 Summonings


You had 6 spell levels left.
You knew the following spells:

 Your Spells              Type           Power      Damage    Failure   Level
a - Summon Small Mammal   Summ           100%       N/A       1%          1
b - Slow                  Hex            20%        N/A       10%         1
c - Call Canine Familiar  Summ           33%        N/A       2%          3
d - Summon Lightning Spi  Summ/Air       19%        N/A       26%         4

Your spell library contained the following spells:

 Spells                   Type           Power      Damage    Failure   Level
 Call Imp                 Summ           66%        N/A       1%          2
 Sublimation of Blood     Necr           5%         N/A       16%         2
 Summon Blazeheart Golem  Fire/Summ      19%        N/A       26%         4
 Confusing Touch          Hex            5%         N/A       30%         3
 Ozocubu's Armour         Ice            5%         N/A       30%         3
 Sigil of Binding         Hex            5%         N/A       30%         3
 Vampiric Draining        Necr           5%         2d6       30%         3
 Metabolic Englaciation   Hex/Ice        2%         N/A       95%         5
 Sculpt Simulacrum        Ice/Alch       2%         N/A       100%        6
 Summon Hydra             Summ           16%        N/A       99%         7


Dungeon Overview and Level Annotations

Branches:
Dungeon (3/15)

Altars:

Annotations:
D:3 Ijyb


Message History

The ball python attacks as it pursues you!
The ball python closely misses you. The ball python grabs you.
The ball python constricts you.
You escape the ball python's grasp.
You see here 14 gold pieces.
The ball python closely misses you. The ball python barely misses you.
The ball python attacks as it pursues you!
The ball python bites you.
* * * LOW HITPOINT WARNING * * *
The ball python grabs you. The ball python constricts you.
You escape the ball python's grasp.
The ball python barely misses you. The ball python completely misses you.
The ball python attacks as it pursues you!
The ball python bites you.
* * * LOW HITPOINT WARNING * * *
The ball python barely misses you.
The ball python attacks as it pursues you!
The ball python bites you.
* * * LOW HITPOINT WARNING * * *
The ball python barely misses you.
The ball python attacks as it pursues you!
The ball python barely misses you. The ball python closely misses you.
The ball python attacks as it pursues you!
The ball python barely misses you. The ball python closely misses you.
The ball python bites you.
* * * LOW HITPOINT WARNING * * *
The ball python completely misses you. The ball python completely misses you.
The ball python grabs you. The ball python constricts you.
You escape the ball python's grasp.
The ball python attacks as it pursues you!
The ball python closely misses you. x2
The ball python attacks as it pursues you!
The ball python bites you.
* * * LOW HITPOINT WARNING * * *
The ball python grabs you. The ball python constricts you.
The ball python bites you.
* * * LOW HITPOINT WARNING * * *
The ball python constricts you.
You die...

#.# #.........# #.#
#.# #.###...#.# #.#
#.###.##..†...# #.#
#.....#.......###.#
##..............##.#
#..............###.#
#..............# #.#
#..................
##..@...........###
##.S.#########.#
##S## .# #.# # #.#
#X# #.# # #.########
.# #........###.####


You could see a nameless horror and 2 ball pythons.

Vanquished Creatures
  Grinder (D:3)
  An orc (D:3)
  3 bats
  An endoplasm (D:3)
  A goblin (D:1)
  4 hobgoblins (D:1)
  2 jackals (D:1)
  A kobold (D:2)
  3 ball pythons
  A frilled lizard (D:1)
  3 rats (D:1)
21 creatures vanquished.

Vanquished Creatures (collateral kills)
  2 adders
  A dart slug (D:1)
  4 orcs (D:3)
  3 ball pythons (D:1)
  3 endoplasms
  A giant cockroach (D:2)
  A goblin (D:2)
  2 hobgoblins
  2 jackals (D:2)
  2 quokkas
  2 bats
  5 frilled lizards
  A kobold (D:3)
  2 rats
31 creatures vanquished.

Grand Total: 52 creatures vanquished

Notes
Turn   | Place    | Note
-------+----------+-------------------------------------------
     0 | D:1      | EC1 the Deep Elf Summoner began the quest for the Orb.
     0 | D:1      | Reached XP level 1. HP: 10/10 MP: 6/6
   141 | D:1      | Reached XP level 2. HP: 15/15 MP: 8/8
   316 | D:1      | Reached skill level 5 in Summonings
   403 | D:1      | Reached XP level 3. HP: 19/19 MP: 8/10
   998 | D:2      | Learned a level 1 spell: Slow
  1002 | D:2      | Learned a level 3 spell: Call Canine Familiar
  1295 | D:2      | Reached XP level 4. HP: 24/24 MP: 9/11
  1816 | D:3      | Found a faded altar of an unknown god.
  1915 | D:3      | Noticed Grinder
  1924 | D:3      | Paralysed by Grinder for 3 turns
  1940 | D:3      | Killed Grinder
  1941 | D:3      | Reached skill level 1 in Short Blades
  1941 | D:3      | Reached skill level 5 in Spellcasting
  1941 | D:3      | Reached skill level 6 in Summonings
  1941 | D:3      | Reached XP level 5. HP: 18/28 MP: 11/14
  1941 | D:3      | Reached XP level 6. HP: 22/33 MP: 11/15
  1956 | D:3      | Learned a level 4 spell: Summon Lightning Spire
  2044 | D:3      | Noticed a nameless horror
  2051 | D:3      | HP: 1/33 [nameless horror[miscasting Summon Lightning
                  | Spire] (12)]
  2061 | D:3      | Noticed Ijyb
  2107 | D:3      | HP: 1/33 [ball python (2)]
  2107 | D:3      | Constricted to death by a ball python

Illustrated notes

Levels and vault maps discovered:
D:1:      psy_arrival_dodecagon, layout_loops_ring, minivault_5, st_stairs_8
D:2:      layout_basic, nicolae_figureground_sparkle
D:3:      layout_loops_ring, chequers_ecumenical_altar_island, uniq_grinder,
          uniq_ijyb

Skill      XL: |  1  2  3  4 |
---------------+-------------+-----
Summonings     | 5 6 |  6.2
Stealth        | 4 |  4.2
Spellcasting   | 5 |  5.2
Short Blades   | 1 |  1.2
Fighting       | |  0.3
Dodging        | |  2.6

Action                     |  1- 3 |  4- 6 || total
---------------------------+-------+-------++-------
  Melee: Dagger            |    29 |    11 ||    40
         Unarmed           |     2 |       ||     2
   Cast: Summon Small Mamm |    27 |    11 ||    38
         Call Canine Famil |     3 |     4 ||     7
    Use: Scroll            |     3 |     2 ||     5
         Potion            |       |     1 ||     1
   Stab: Sleeping          |     2 |     3 ||     5
         Distracted        |     1 |     2 ||     3
 Armour: Robe              |    17 |    26 ||    43
  Dodge: Dodged            |    41 |    29 ||    70

Table legend: (Time is in decaauts)
 A = Elapsed time spent in this place.
 B = Non-inter-level travel time spent in this place.
 C = Inter-level travel time spent in this place.
 D = Time resting spent in this place.
 E = Time spent auto-exploring this place.
 F = Levels seen in this place.
 G = Mean time per level.
                   A        B        C        D        E       F      G
               +--------+--------+--------+--------+--------+-----+--------+
         Total |   2111 |   2111 |      0 |      0 |    979 |   3 |  703.7 |
       Dungeon |   2111 |   2111 |      0 |      0 |    979 |   3 |  703.7 |
               +--------+--------+--------+--------+--------+-----+--------+

Top non-repeatable levels by time:
     D:1: 947 daAuts
     D:2: 807 daAuts
     D:3: 356 daAuts
